 Dungeon Crawl Stone Soup version 0.18.1-8-gdd0e5ea (webtiles) character file.

106 juanjsm the Changer (level 4, 0/28 HPs)
             Began as an Octopode Transmuter on June 9, 2016.
             Slain by a howler monkey (2 damage)
             ... on level 4 of the Dungeon.
             The game lasted 00:09:10 (2363 turns).

juanjsm the Changer (Octopode Transmuter)           Turns: 2363, Time: 00:09:10

Health: 0/28       AC:  1    Str:  9    XL:     4   Next: 84%
Magic:  7/7        EV:  7    Int: 16    God:
Gold:   96         SH:  0    Dex: 12    Spells: 2 memorised, 3 levels left

rFire  . . .     SeeInvis .       - Unarmed
rCold  . . .     Gourm    .     (no shield)
rNeg   . . .     Faith    .     (helmet restricted)
rPois  .         Spirit   .     (no amulet)
rElec  .         Dismiss  .     (no ring)
rCorr  .         Reflect  .     (no ring)
SustAt .         Harm     .     (no ring)
MR     .....                    (no ring)
Stlth  ++........               (no ring)
                                (no ring)
                                (no ring)
                                (no ring)

@: drained, not resistant to hostile enchantments, unstealthy
A: almost no armour, amphibious, 8 rings, constrict 8, camouflage 1, gelatinous
body 1
a: no special abilities


You were on level 4 of the Dungeon.
You were not hungry.

You visited 1 branch of the dungeon, and saw 4 of its levels.

You collected 96 gold pieces.

Inventory:

Hand Weapons
 n - a +0 dagger of draining
 p - a +3 dagger of venom
Missiles
 a - 49 arrows
Scrolls
 d - 3 scrolls of remove curse {unknown}
 f - 4 scrolls of identify {unknown}
 h - a scroll of recharging {unknown}
 k - a scroll of amnesia {unknown}
 l - 2 scrolls of enchant weapon {unknown}
 o - a scroll of teleportation {unknown}
 q - 2 scrolls of blinking {unknown}
Potions
 e - a potion of magic {unknown}
 g - 2 potions of curing
 m - a potion of berserk rage {unknown}
 r - a potion of heal wounds {unknown}
Books
 b - a book of Changes

   Spells                             Type                      Level
   a - Beastly Appendage              Transmutation                1
   b - Sticks to Snakes               Transmutation                2
   c - Spider Form                    Transmutation/Poison         3
   d - Ice Form                       Ice/Transmutation            4
   e - Blade Hands                    Transmutation                5
Comestibles
 c - 2 bread rations
 i - a beef jerky
 j - 5 chunks of flesh


   Skills:
 - Level 1.1(0.9) Fighting
 - Level 2.2(2.0) Dodging
 - Level 3.6(3.4) Unarmed Combat
 - Level 2.1(1.9) Spellcasting
 * Level 4.1(3.9) Transmutations


You had 3 spell levels left.
You knew the following spells:

 Your Spells              Type           Power        Failure   Level  Hunger
a - Beastly Appendage     Trmt           ##....       6%          1    #......
b - Spider Form           Trmt/Pois      #.........   34%         3    ###....


Dungeon Overview and Level Annotations

Branches:
Dungeon (4/15)
 Temple: D:4-7

Altars:
Ashenzari
Elyvilon
Ru
Vehumet


Innate Abilities, Weirdness & Mutations

You cannot wear most types of armour.
You are amphibious.
You can wear up to eight rings at the same time.
You can use your tentacles to constrict eight enemies at once.
Your skin changes colour to match your surroundings (Stealth).
Your rubbery body absorbs attacks (AC +1).


Message History

Found 12 poisoned needles and 8 gold pieces.
Found a stone staircase leading down.
There is a stone staircase leading up here.
The helpless howler monkey fails to defend itself.
You tentacle-slap the howler monkey. You grab the howler monkey.
The howler monkey is lightly wounded.
You constrict the howler monkey, but do no damage.
The howler monkey hoots and howls with incredible vigour!
You hear a shout! x2
You tentacle-slap the howler monkey. Your squeeze misses the howler monkey.
The howler monkey is heavily wounded.
You constrict the howler monkey. The howler monkey hits you.
* * * LOW HITPOINT WARNING * * *
The howler monkey bites you.
* * * LOW HITPOINT WARNING * * *
Drink which item? (? for menu, Esc to quit)
Okay, then.
You release your grip on the howler monkey.
The howler monkey hits you.
You die...

#...$...#
#.......#
####(......#
..#.>.....#
## ...S.....#
#..#........#
#S.h......#
#@...r...
#####..#.


You could see a howler monkey, 2 adders and a quokka.

Vanquished Creatures
  3 adders
  2 oozes
  3 worms
  A dart slug (D:3)
  A giant gecko (D:1)
  6 bats
  3 giant cockroaches
  8 goblins
  4 hobgoblins
  3 jackals (D:1)
  3 quokkas (D:2)
  A ball python (D:1)
  3 giant newts
  13 kobolds
  8 rats
62 creatures vanquished.

Notes
Turn   | Place    | Note
--------------------------------------------------------------
     0 | D:1      | juanjsm the Octopode Transmuter began the quest for the Orb.
     0 | D:1      | Reached XP level 1. HP: 13/13 MP: 3/3
   244 | D:1      | Reached XP level 2. HP: 12/18 MP: 3/5
   908 | D:1      | Reached XP level 3. HP: 17/23 MP: 6/6
   984 | D:1      | Learned a level 3 spell: Spider Form
  1306 | D:2      | Reached skill level 3 in Transmutations
  1354 | D:3      | Found a white marble altar of Elyvilon.
  1482 | D:2      | Found a radiant altar of Vehumet.
  1575 | D:2      | Reached XP level 4. HP: 12/28 MP: 5/7
  1619 | D:2      | Found a sacrificial altar of Ru.
  1619 | D:2      | Found a shattered altar of Ashenzari.
  2262 | D:3      | Reached skill level 4 in Transmutations
  2363 | D:4      | Slain by a howler monkey

Skill      XL: |  1  2  3  4 |
---------------+-------------+-----
Transmutations | 3 4 |  4.1
Fighting       | |  1.1
Dodging        | |  2.2
Unarmed Combat | |  3.6
Spellcasting   | |  2.1

Action                   |  1- 3 |  4- 6 || total
-------------------------+-------+-------++-------
Melee: Unarmed           |    92 |    53 ||   145
       Constrict         |    23 |    10 ||    33
       Kick              |    12 |     4 ||    16
       Tentacles         |     6 |     3 ||     9
       Punch             |     1 |     4 ||     5
 Cast: Beastly Appendage |    26 |     9 ||    35
       Spider Form       |     2 |     3 ||     5
  Use: Potion            |       |     1 ||     1
 Stab: Sleeping          |     2 |     3 ||     5
  Eat: Chunk             |     3 |     3 ||     6
Armor: Skin              |     7 |     5 ||    12
Dodge: Dodged            |    63 |    31 ||    94
